 Dungeon Crawl Stone Soup version 0.28-a0-657-g71136c5590 (webtiles) character file.

Game seed: 10602740001173121158

49 siradein the Caller (level 3, 0/24 HPs)
             Began as a Demonspawn Summoner on Oct 13, 2021.
             Slain by a quokka (4 damage)
             ... on level 2 of the Dungeon.
             The game lasted 00:02:40 (2370 turns).

siradein the Caller (Demonspawn Summoner)           Turns: 2370, Time: 00:02:41

Health: 0/24       AC:  3    Str:  8    XL:     3   Next: 53%
Magic:  3/6        EV: 12    Int: 17    God:
Gold:   33         SH:  0    Dex: 13    Spells: 0/6 levels left

rFire   . . .      SeeInvis .   f - +0 spear
rCold   . . .      Faith    .   (no shield)
rNeg    . . .      Spirit   .   a - +0 robe
rPois   .          Reflect  .   (no helmet)
rElec   .          Harm     .   (no cloak)
rCorr   .          Rampage  .   d - +0 pair of gloves
Will    .....                   (no boots)
Stlth   ++........              (no amulet)
HPRegen 0.08/turn               (no ring)
MPRegen 0.10/turn               (no ring)

@: no status effects
A: claws 1, demonic magic 1
a: no special abilities


You were on level 2 of the Dungeon.
You visited 1 branch of the dungeon, and saw 2 of its levels.

You collected 33 gold pieces.

Inventory:

Hand Weapons
 f - a +0 spear (weapon)
Armour
 a - a +0 robe (worn)
 d - a +0 pair of gloves (worn)
Magical Staves
 i - a staff of air
Jewellery
 c - a +6 ring of dexterity
 e - an amulet of regeneration
Scrolls
 b - 2 scrolls of teleportation {unknown}
 h - 4 scrolls of identify {unknown}
 j - a scroll of acquirement {unknown}
Potions
 g - a potion of flight {unknown}


   Skills:
 + Level 2.3 Dodging
 + Level 2.4 Stealth
 + Level 2.4 Spellcasting
 + Level 4.3 Summonings


You couldn't memorise any spells.
You knew the following spells:

 Your Spells              Type           Power      Damage    Failure   Level
a - Summon Small Mammal   Summ           64%        N/A       3%          1
b - Call Imp              Summ           16%        N/A       4%          2
c - Call Canine Familiar  Summ           16%        N/A       10%         3

Your spell library contained the following spells:

 Spells                   Type           Power      Damage    Failure   Level
 Summon Guardian Golem    Hex/Summ       9%         N/A       22%         3
 Summon Lightning Spire   Summ/Air       9%         N/A       58%         4


Dungeon Overview and Level Annotations

Branches:
Dungeon (2/15)

Altars:


Innate Abilities, Weirdness & Mutations

You have sharp fingernails.
Spells you cast may paralyse adjacent enemies.


Message History

A metallic apparition takes form in the air.
Malevolent energies surge around you.
The hobgoblin suddenly stops moving!
The endoplasm hits you but does no damage.
You are too injured to fight recklessly!
You are too injured to fight recklessly!
The helpless hobgoblin fails to defend itself.
You hit the hobgoblin.
The hobgoblin is severely wounded.
The endoplasm freezes you.
You are frozen.
The helpless hobgoblin fails to defend itself.
You hit the hobgoblin.
You kill the hobgoblin!
Your iron imp barely misses the endoplasm.
The endoplasm freezes you.
You are frozen.
* * * LOW HITPOINT WARNING * * *
Casting: Call Imp (safe; 4% risk of failure)
Press: ? - help, Q - select action, (/) - cycle Dir - look around, f - activate A beastly little devil appears in a puff of flame.
Malevolent energies surge around you. The quokka misses you.
You hit the quokka but do no damage. The quokka bites you.
* * * LOW HITPOINT WARNING * * *
The quokka barely misses you.
You closely miss the quokka. The quokka barely misses you.
You barely miss the quokka.
The quokka bites you but does no damage.
Your crimson imp blinks!
You hit the quokka.
The quokka is moderately wounded.
The quokka barely misses you. The quokka bites you.
* * * LOW HITPOINT WARNING * * *
You see here 19 gold pieces.
You swap places.
The quokka misses your crimson imp.
Your crimson imp blinks!
Your crimson imp hits the quokka.
The quokka bites you.
You die...

.##........#.###.#.......##
#.####...<.# #.####.####
#.####.##### #.# #.#
..........# #.# .#
...##.#...# #.. #.#...# ##.
#.#.#.## .. #...#..#####..
####.@........ +.r........
##.......... #..J5..###..
#.##...# . #.#....#
#.#.$..# #.#....# #.<#.#


You could see an endoplasm, a quokka (ally target) and a friendly crimson imp
(summoned).

Vanquished Creatures
  2 dart slugs (D:1)
  2 ball pythons (D:1)
  2 bats (D:1)
  3 endoplasms
  A giant cockroach (D:1)
  A goblin (D:1)
  3 hobgoblins
  2 jackals (D:1)
  A quokka (D:1)
  3 frilled lizards (D:1)
  4 kobolds (D:1)
  4 rats (D:1)
28 creatures vanquished.

Vanquished Creatures (collateral kills)
  An adder (D:2)
  2 goblins (D:1)
  A kobold (D:1)
  2 ball pythons (D:1)
  A frilled lizard (D:1)
7 creatures vanquished.

Vanquished Creatures (others)
  A demonic plant (D:1)
1 creature vanquished.

Grand Total: 36 creatures vanquished

Notes
Turn   | Place    | Note
-------+----------+-------------------------------------------
     0 | D:1      | siradein the Demonspawn Summoner began the quest for the
                  | Orb.
     0 | D:1      | Reached XP level 1. HP: 13/13 MP: 3/3
   262 | D:1      | Gained mutation: Spells you cast may paralyse adjacent
                  | enemies. [demonic ancestry]
   262 | D:1      | Reached XP level 2. HP: 8/19 MP: 3/5
  1424 | D:1      | Found a faded altar of an unknown god.
  1514 | D:1      | Gained mutation: You have sharp fingernails. [demonic
                  | ancestry]
  1514 | D:1      | Reached XP level 3. HP: 20/24 MP: 6/6
  1621 | D:1      | Learned a level 2 spell: Call Imp
  1625 | D:1      | Learned a level 3 spell: Call Canine Familiar
  2370 | D:2      | Slain by a quokka

Illustrated notes

Levels and vault maps discovered:
D:1:      scummos_arrival_simple_crosswalls, layout_loops_ring,
          shapermc_ecumenical_altar_gd
D:2:      layout_basic

Skill      XL: |  1 |
---------------+----+-----
Dodging        | 2 |  2.3
Stealth        | 2 |  2.4
Spellcasting   | |  2.4
Summonings     | |  4.3

Action                   || total
-------------------------++-------
Melee: Unarmed           ||    24
       Spear             ||   149
 Cast: Summon Small Mamm ||     9
       Call Imp          ||     3
 Stab: Sleeping          ||     8
       Distracted        ||     2
       Paralysed         ||     8
Armor: Robe              ||    34
Dodge: Dodged            ||    99

Table legend: (Time is in decaauts)
 A = Elapsed time spent in this place.
 B = Non-inter-level travel time spent in this place.
 C = Inter-level travel time spent in this place.
 D = Time resting spent in this place.
 E = Time spent auto-exploring this place.
 F = Levels seen in this place.
 G = Mean time per level.
                   A        B        C        D        E       F      G
               +--------+--------+--------+--------+--------+-----+--------+
         Total |   2384 |   2344 |     40 |      0 |   1918 |   2 | 1192.0 |
       Dungeon |   2384 |   2344 |     40 |      0 |   1918 |   2 | 1192.0 |
               +--------+--------+--------+--------+--------+-----+--------+

Top non-repeatable levels by time:
     D:1: 2180 daAuts
     D:2: 203 daAuts
